 Dungeon Crawl Stone Soup version 0.17-a0-1719-g1afd5a1 (webtiles) character file.

63 kosy22 the Slasher (level 4, -1/40 HPs)
             Began as a Hill Orc Chaos Knight on Aug 27, 2015.
             Slain by a hobgoblin
             ... wielding a +0 club
              (5 damage)
             ... on level 4 of the Dungeon.
             The game lasted 00:06:55 (1491 turns).

kosy22 the Slasher (Hill Orc Chaos Knight)          Turns: 1491, Time: 00:06:55

Health: -1/40      AC:  5    Str: 13    XL:     4   Next: 9%
Magic:  9/9        EV: 11    Int: 12    God:    Xom [.*....]
Gold:   34         SH:  0    Dex: 10    Spells: 0 memorised, 10 levels left

rFire  + . .     SeeInvis .     a - +1 falchion (chaos)
rCold  x . .     Clarity  .     b - +2 leather armour
rNeg   . . .     SustAt   .     (no shield)
rPois  .         Gourm    .     (no helmet)
rElec  .         Spirit   .     (no cloak)
rCorr  .         Warding  .     (no gloves)
rMut   .         Stasis   .     (no boots)
MR     .....                    (no amulet)
Stlth  ++........               l - ring of fire
                                j - -2 ring of strength (curse)

@: very slightly contaminated, not resistant to hostile enchantments, unstealthy
A: no striking features
a: Renounce Religion


You were on level 4 of the Dungeon.
You worshipped Xom.
You were a plaything of Xom.
You were not hungry.

You visited 1 branch of the dungeon, and saw 4 of its levels.

You collected 34 gold pieces.

Inventory:

Hand weapons
 a - a +1 falchion of chaos (weapon)
Missiles
 d - 2 needles of confusion (quivered)
 g - a throwing net
 h - 2 curare-tipped needles
Armour
 b - a +2 leather armour (worn)
Jewellery
 j - a cursed -2 ring of strength (left hand)
 l - a ring of fire (right hand)
Scrolls
 k - a scroll of enchant weapon
Potions
 e - a potion of ambrosia


   Skills:
 + Level 4.2 Fighting
 + Level 6.8 Long Blades
 + Level 2.4 Armour
 + Level 1.0 Dodging
 + Level 4.5 Stealth
 + Level 3.7 Spellcasting


You had 10 spell levels left.
You didn't know any spells.

Dungeon Overview and Level Annotations

Branches:
Dungeon (4/15)
 Temple: D:4-7

Altars:


Message History

There is a stone staircase leading down here.
The hobgoblin shouts!
You hear a shout!
The hobgoblin hits you with a club.
* * * LOW HITPOINT WARNING * * *
There is a stone staircase leading down here.
The giant newt bites you but does no damage.
You climb downwards.
The worker ant twitches its antennae in your direction.
There is a stone staircase leading up here.
The giant newt bites you but does no damage.
The hobgoblin misses you. The giant newt misses you.
The giant newt barely misses you. The gnoll hits you with a flail!
* * * LOW HITPOINT WARNING * * *
The worker ant misses you.
Found 11 gold pieces.
You barely miss the gnoll. The worker ant barely misses you.
The hobgoblin hits you with a club.
You die...
Xom chuckles heartily!

...............
#.................
##.................
#..................
#................#
#...............#
#####...............##.
#.............g.....$..
#..........l.a@.......
##...<.......g#.......
##.#........#.(......
#.#.......#.........
#g#.....##....###...
#.######.....## ..
#..####.....## ...
##..........## #..
#....).....## #...


You could see a worker ant, a gnoll, a hobgoblin and a giant newt.

Vanquished Creatures
  An adder (D:2)
  A giant gecko (D:2)
  2 ball pythons (D:2)
  2 bats (D:2)
  2 giant cockroaches
  3 hobgoblins
  2 kobolds
  3 goblins
  4 rats (D:2)
20 creatures vanquished.

Vanquished Creatures (collateral kills)
  A jackal skeleton (D:4)
1 creature vanquished.

Grand Total: 21 creatures vanquished

Notes
Turn   | Place    | Note
--------------------------------------------------------------
     0 | D:1      | kosy22 the Hill Orc Chaos Knight began the quest for the Orb.
     0 | D:1      | Reached XP level 1. HP: 19/19 MP: 1/1
   138 | D:1      | XOM: divination: magic mapping
   205 | D:1      | XOM: harmless Conj miscast
   563 | D:2      | Reached XP level 2. HP: 27/27 MP: 2/2
   634 | D:2      | Reached skill level 4 in Fighting
   888 | D:2      | XOM: silly message
  1146 | D:2      | Reached skill level 1 in Dodging
  1165 | D:2      | XOM: potion effect (experience)
  1165 | D:2      | Reached skill level 6 in Long Blades
  1165 | D:2      | Reached XP level 3. HP: 7/33 MP: 2/8
  1172 | D:2      | Reached XP level 4. HP: 12/40 MP: 2/9
  1407 | D:2      | You fall through a shaft!
  1407 | D:4      | Noticed an ogre
  1422 | D:4      | XOM: divination: magic mapping
  1426 | D:4      | XOM: mild Summ miscast
  1427 | D:4      | Noticed a spatial vortex
  1467 | D:4      | XOM: cast spell 'Shadow Creatures'
  1491 | D:4      | Slain by a hobgoblin

Vault maps used:
D:1:      minmay_arrival_stair_chambers, serial_forest, infiniplex_forest_end_1,
          infiniplex_forest_straight_2, infiniplex_forest_clump_diagonal,
          infiniplex_forest_corner_1, infiniplex_forest_zigzag_1,
          infiniplex_forest_clump_small
D:2:      first_bread
D:3:      hangedman_ru_absence, gup_sewer_entry_pipe, minmay_misc_feat_square

Action                   |  1- 3 |  4- 6 || total
-------------------------+-------+-------++-------
Melee: Falchion          |    66 |     7 ||    73
  Use: Scroll            |     2 |       ||     2
       Potion            |       |     2 ||     2
  Eat: Bread ration      |       |     1 ||     1
       Beef jerky        |       |     1 ||     1
